 Dungeon Crawl Stone Soup version 0.29.1-12-g30fa7ad0bf (webtiles) character file.

Game seed: 2489403743207143471

104941 DECONJ the Markself (level 15, -9/77 (90) HPs)
             Began as a Deep Elf Hunter on Jan 10, 2023.
             Was the Champion of Hepliaklqana.
             Engulfed by a ghost crab's spectral mist (14 damage)
             ... on level 1 of the Swamp.
             The game lasted 01:32:19 (21492 turns).

DECONJ the Markself (Deep Elf Hunter)              Turns: 21492, Time: 01:32:19

HP:   -9/77 (90)    AC: 13    Str:  8    XL:     15   Next: 93%
MP:   29/29         EV: 26    Int: 16    God:    Hepliaklqana [******]
Gold: 2619          SH:  5    Dex: 30    Spells: 17/30 levels left

rFire   . . .      SeeInvis .   a - +2 longbow (flame)
rCold   + . .      Faith    .   (shield currently unavailable)
rNeg    . . .      Spirit   .   V - +4 troll leather armour {Snorg}
rPois   +          Reflect  +   D - +0 helmet
rElec   .          Harm     .   O - +2 cloak
rCorr   .          Rampage  .   m - +0 pair of gloves
Will    +....                   (no boots)
Stlth   +++.......              k - amulet "Moadus" {Reflect rC+ SH+5}
HPRegen 1.02/turn               g - +6 ring of dexterity
MPRegen 0.21/turn               r - ring of poison resistance

@: heavily drained
A: reduced essence
a: Renounce Religion, Recall Ancestor, Ancestor Identity, Transference, Idealise


You were on level 1 of the Swamp.
You worshipped Hepliaklqana.
Hepliaklqana was exalted by your worship.
You visited 5 branches of the dungeon, and saw 23 of its levels.
You also visited: Volcano.

You collected 2619 gold pieces.

Inventory:

Hand Weapons
 a - a +2 longbow of flaming (weapon)
 b - the +8 falchion of the Elven Halls {spect, Str+3 Int+2 Dex+2}
   (You found it on level 1 of the Spider Nest)

   When its wielder attacks, the weapon's spirit leaps out and strikes again.
   The spirit shares a part of any damage it takes with its wielder.
   Str:       It affects your strength (+3).
   Int:       It affects your intelligence (+2).
   Dex:       It affects your dexterity (+2).
Missiles
 o - 10 javelins
 w - 46 poisoned darts
 x - 5 throwing nets
 L - 2 silver javelins
 W - 4 datura-tipped darts
Armour
 c - the +3 chain mail of Tecsoh {rN+ Slay+2}
   (You found it on level 1 of the Swamp)

   Slay:      It affects your accuracy & damage with ranged weapons and melee
   (+2).
   rN:        It protects you from negative energy.
 m - a +0 pair of gloves (worn)
 D - a +0 helmet (worn)
 O - a +2 cloak (worn)
 P - a +2 robe of resistance
 V - a +4 troll leather armour (worn) {Snorg}
Jewellery
 g - a +6 ring of dexterity (left hand)
 k - the amulet "Moadus" (around neck) {Reflect rC+ SH+5}
   (You found it on level 2 of the Dungeon)

   [amulet of reflection]

   It reflects blocked missile attacks.
   rC:        It protects you from cold.
   SH:        It affects your SH (+5).
 r - a ring of poison resistance (right hand)
 H - a +4 ring of evasion
 N - a ring of wizardry
Wands
 l - a wand of charming (28)
 v - a wand of roots (35)
 B - a wand of mindburst (25)
 F - a wand of light (4)
 X - a wand of flame (2)
Scrolls
 e - 3 scrolls of vulnerability
 f - 2 scrolls of poison
 p - a scroll of enchant weapon
 s - 7 scrolls of immolation
 y - 5 scrolls of butterflies
 C - 10 scrolls of teleportation
 E - 2 scrolls of amnesia
 I - 3 scrolls of brand weapon
 J - 6 scrolls of magic mapping
 Y - a scroll of enchant armour
 Z - 2 scrolls of fear
Potions
 d - 2 potions of resistance
 h - 11 potions of curing
 i - 7 potions of haste
 j - 5 potions of heal wounds
 n - 5 potions of mutation
 q - a potion of invisibility
 t - 2 potions of flight
 u - 7 potions of attraction
 z - 4 potions of lignification
 A - 2 potions of magic
 G - 2 potions of berserk rage
 K - 6 potions of brilliance
 Q - 5 potions of ambrosia
 R - a potion of cancellation
 T - 3 potions of might
Miscellaneous
 M - a phantom mirror


   Skills:
 + Level 13.9 Fighting
 + Level 20.4 Ranged Weapons
 + Level 1.1 Armour
 - Level 14.1 Dodging
 - Level 3.3 Stealth
 - Level 8.0 Spellcasting
 + Level 7.9 Hexes
 - Level 7.0 Air Magic
 + Level 4.2 Earth Magic
 - Level 9.0 Invocations


You had 17 spell levels left.
You knew the following spells:

 Your Spells              Type           Power      Damage    Failure   Level
a - Swiftness             Air            28%        N/A       2%          3
b - Portal Projectile     Hex/Tloc       38%        N/A       10%         3
c - Leda's Liquefaction   Hex/Erth       12%        N/A       13%         4
d - Blink                 Tloc           12%        N/A       24%         2
e - Slow                  Hex            100%       N/A       1%          1

Your spell library contained the following spells:

 Spells                   Type           Power      Damage    Failure   Level
 Confusing Touch          Hex            31%        N/A       1%          3
 Shock                    Conj/Air       68%        1d7       3%          1
 Static Discharge         Conj/Air       17%        3-6/arc   5%          2
 Airstrike                Air            14%        2d(2-18)  9%          4
 Dazzling Flash           Conj/Hex       38%        N/A       10%         3
 Apportation              Tloc           12%        N/A       16%         1
 Stone Arrow              Conj/Erth      26%        3d8       21%         3
 Silence                  Hex/Air        15%        N/A       21%         5
 Call Canine Familiar     Summ           6%         N/A       43%         3
 Lesser Beckoning         Tloc           6%         N/A       43%         3
 Vampiric Draining        Necr           6%         2d6       43%         3
 Animate Armour           Summ/Erth      26%        N/A       54%         4
 Lee's Rapid Deconstruct  Erth           9%         3d8*      61%         5
 Dispel Undead            Necr           6%         3d8       83%         4
 Sticky Flame             Conj/Fire      6%         2d3       83%         4
 Agony                    Necr           6%         N/A       99%         5
 Alistair's Intoxication  Tmut/Pois      4%         N/A       99%         5
 Manifold Assault         Tloc           6%         N/A       99%         5
 Statue Form              Tmut/Erth      8%         N/A       100%        6
 Lehudib's Crystal Spear  Conj/Erth      6%         10d3      100%        8


Dungeon Overview and Level Annotations

Branches:
Dungeon (13/15)            Temple (0/1) D:6            Lair (5/5) D:8
  Swamp (1/4) Lair:2       Spider (2/4) Lair:3        Slime (0/5) Lair:4
    Orc (2/2) D:12            Elf (0/3) Orc:2       Volcano (visited)
 Vaults: D:13-14

Altars:
Elyvilon
Gozag
Hepliaklqana
Kikubaaqudgha
Makhleb
Okawaru
Sif Muna
Uskayaw
Xom
Yredelemnul
Zin

Shops:
Orc:1 (   Orc:2 [:[(


Message History

You shoot an arrow.
The arrow hits the spectral fenstrider witch!!
The arrow burns the spectral fenstrider witch!
The spectral fenstrider witch is moderately damaged.
You block the spectral spriggan air mage's attack.
Fire: a) +2 longbow (flame)
Press: ? - help, Q - select action, (/) - cycle Shift-Dir - straight line, f/p - ghost crab
Aim: a ghost crab (almost destroyed, 85% to hit)
You shoot an arrow.
The arrow misses the spectral spriggan air mage.
The arrow hits the ghost crab but does no damage.
The ghost crab is almost destroyed.
The spectral spriggan air mage fades away!
The spectral fenstrider witch hits you but does no damage.
The spectral fenstrider witch barely misses you.
The ghost crab breathes spectral mist at you.
The spectral mist engulfs the spectral fenstrider witch but does no damage.
The spectral spriggan air mage attacks as you move away!
The spectral spriggan air mage hits you.
You feel drained.
The spectral spriggan air mage completely misses you.
The spectral fenstrider witch hits you!
You feel drained.
The spectral fenstrider witch kicks you!
You feel drained.
The ghost crab breathes spectral mist at you.
The spectral mist engulfs the spectral death drake but does no damage.
The spectral spriggan air mage attacks as you move away!
The spectral spriggan air mage barely misses you.
The spectral fenstrider witch attacks as you move away!
The spectral fenstrider witch hits you!
* * * LOW HITPOINT WARNING * * *
You block the spectral fenstrider witch's attack.
The spectral spriggan air mage fades away!
The ghost crab breathes spectral mist at you.
The spectral mist engulfs the spectral death drake but does no damage.
You are engulfed in spectral mist.
* * * LOW HITPOINT WARNING * * *
There is a staircase back to the Lair here.
You are engulfed in spectral mist.
You die...

♣.....°~~~~~~~~.♣
♣....○Z~~.~~~~~.♣
♣♣♣♣♣..♣♣♣☼°.~§~~.~♣
♣..♣♣~~♣♣.☼○Z☼..~♣♣♣ ♣♣♣
♣..~~~>§.○☼○t°..~.♣ ♣♣~♣♣
♣.§~~...§☼°○Z§~~.♣ ♣...♣
♣.~~.....§○☼Z....♣♣♣♣.♣♣
♣♣....♣~.☼§ZZ.~...♣.~..♣♣♣♣
♣~♣♣...~~§~.@§§~...~~.~~♣.♣♣
..~♣♣♣♣.[.♣♣♣≈♣♣.~~....♣.~..~~♣
....~.§..♣♣♣≈≈≈♣♣..~.~.♣.♣.♣.♣♣
...~~...♣♣
♣♣≈≈≈♣♣.§.~..~.~.♣.♣♣ ♣......♣♣
♣≈≈≈≈≈~...~~~.♣....~♣ ♣♣♣♣♣♣♣
≈≈≈≈≈♣♣.......♣...~♣♣
♣≈≈≈♣♣~...♣♣.♣~...♣♣
♣♣♣♣♣~....♣.♣.~~♣♣♣
♣♣~.§~.~~~~....♣♣♣


You could see a ghost crab, a spectral death drake (summoned), a spectral
alligator snapping turtle (summoned), 2 spectral spriggan berserkers and 2
spectral fenstrider witches.

Vanquished Creatures
  Rupert (Lair:3)
  A bunyip (Swamp:1)
  A red draconian (Volcano)
  An entropy weaver (Spider:1)
  Snorg (D:10)
  Harold (Lair:1)
  The ghost of p0werm0de the Thaumaturge, a journeyman PaIE of Ru (Orc:2)
  A boulder beetle (Lair:5)
  4 catoblepae
  9 hydras
  A death knight (D:13)
  A centaur warrior (D:13)
  An alligator (Swamp:1)
  2 jorogumos (Spider:1)
  15 two-headed ogres
  8 death yaks
  4 ogre magi
  Urug (D:10)
  Nergalle (D:11)
  A pharaoh ant (Spider:1)
  Amaemon (D:9)
  A spriggan druid (Swamp:1)
  A bog body (Swamp:1)
  An orb spider (Lair:3)
  A steelbarb worm (Spider:1)
  2 obsidian statues (D:12)
  A lindwurm (Lair:5)
  A deep elf pyromancer (D:13)
  An orc knight (Orc:1)
  An orc sorcerer (Orc:1)
  A wolf spider (Spider:1)
  A manticore (Lair:5)
  2 will-o-the-wisps (Swamp:1)
  7 elephants (Lair:4)
  2 ugly things
  A torpor snail (Lair:4)
  A gargoyle (D:13)
  3 black mambas
  5 cane toads
  6 demonic crawlers (Spider:1)
  4 rime drakes
  4 komodo dragons
  2 kobold demonologists (D:12)
  2 trolls
  2 bloated husks (Swamp:1)
  A polar bear (Lair:5)
  Grinder (D:6)
  A tyrant leech (Swamp:1)
  3 slime creatures (D:12)
  15 blink frogs
  2 dream sheep (Lair:5)
  8 tarantellas
  5 jumping spiders
  A shadow (D:13)
  A culicivora (Spider:2)
  38 yaks
  A vampire (D:10)
  A wyvern (Lair:4)
  A wraith (D:13)
  4 fire bats (Volcano)
  2 steam dragons
  2 basilisks
  13 vampire mosquitoes
  2 wargs (Orc:2)
  14 redbacks
  3 swamp worms (Swamp:1)
  4 acid dragons
  7 water moccasins
  Duvessa (D:4)
  A swamp drake (Swamp:1)
  3 black bears
  11 orc warriors
  16 ogres
  3 centaurs
  16 wolves
  A phantom (D:7)
  A kobold brigand (D:9)
  Blork the orc (D:5)
  5 bullfrogs
  Dowan (D:4)
  3 killer bees (D:9)
  6 howler monkeys
  2 electric eels (Lair:4)
  3 hounds
  6 lava snakes
  3 jellies (Lair:4)
  14 orc priests
  A gnoll bouda (D:6)
  3 iguanas
  26 orc wizards
  3 hell rats (Lair:4)
  8 gnolls
  4 adders
  A shadow imp (D:6)
  An ufetubus (D:7)
  2 worms
  57 orcs
  4 ball pythons
  3 bats (D:3)
  6 endoplasms
  2 giant cockroaches
  2 goblins
  5 hobgoblins
  4 jackals
  15 kobolds
  3 quokkas
  6 frilled lizards
  2 rats
495 creatures vanquished.

Vanquished Creatures (collateral kills)
  A bunyip (Swamp:1)
  A hydra (Lair:3)
  2 catoblepae
  An ogre mage (Orc:2)
  6 two-headed ogres
  A death yak (Lair:5)
  A pharaoh ant (Spider:2)
  An orb spider (Spider:2)
  4 steelbarb worms (Spider:1)
  A swamp dragon (Swamp:1)
  3 wolf spiders (Spider:1)
  A manticore (Lair:5)
  4 elephants (Lair:4)
  2 black mambas
  2 torpor snails
  4 cane toads
  6 demonic crawlers (Spider:1)
  An orange demon (D:9)
  3 rime drakes (Lair:4)
  3 komodo dragons
  A troll (Orc:2)
  2 blink frogs
  A tyrant leech (Lair:2)
  2 tarantellas (Spider:2)
  2 dream sheep (Lair:5)
  A hornet (D:9)
  A jumping spider (Spider:2)
  A culicivora (Spider:1)
  2 fire bats (Volcano)
  10 yaks
  2 redbacks
  A vampire mosquito (D:13)
  A basilisk (Lair:2)
  A warg (Orc:2)
  7 water moccasins
  2 orc warriors
  A sky beast (D:6)
  9 ogres
  7 wolves
  A centaur (D:8)
  A phantom (D:6)
  A kobold brigand (D:9)
  A gnoll sergeant (D:5)
  2 bullfrogs (D:8)
  2 scorpions
  A howler monkey (D:11)
  A lava snake (Volcano)
  A hound (D:6)
  3 orc priests
  A gnoll bouda (D:5)
  2 iguanas (D:5)
  9 orc wizards
  4 hell rats (Lair:4)
  14 gnolls
  2 adders
  A white imp (D:6)
  28 orcs
  2 endoplasms (D:2)
  A goblin (D:4)
  A hobgoblin (D:3)
  A ball python (D:4)
  4 kobolds (D:9)
  2 butterflies (Lair:2)
188 creatures vanquished.

Vanquished Creatures (others)
  A swamp dragon (Swamp:1)
  A human (D:5)
  17 knights
  An orc (Orc:1)
  2 ancestors (D:2)
  2 foxfires (Swamp:1)
  18 fungi
  43 plants
85 creatures vanquished.

Grand Total: 768 creatures vanquished

Notes
Turn   | Place    | Note
-------+----------+-------------------------------------------
     0 | D:1      | DECONJ the Deep Elf Hunter began the quest for the Orb.
     0 | D:1      | Reached XP level 1. HP: 12/12 MP: 3/3
   258 | D:1      | Reached XP level 2. HP: 17/17 MP: 4/4
   498 | D:1      | Found a faded altar of an unknown god.
   507 | D:1      | Prayed at the altar of an unknown god.
   507 | D:1      | Became a worshipper of Hepliaklqana the Forgotten
   507 | D:1      | Reached * piety under Hepliaklqana
   685 | D:2      | Identified the amulet "Moadus" {Reflect rC+ SH+5}
   813 | D:2      | Noticed an ogre
   903 | D:2      | Reached XP level 3. HP: 5/18 MP: 5/5
  1324 | D:2      | Identified the +1 chain mail of Hiusisez {*Corrode rF+
                  | rC+++ Will+}
  1444 | D:2      | Reached ** piety under Hepliaklqana
  1445 | D:2      | Remembered your ancestor Yadidatum as a knight
  1555 | D:2      | Killed an ogre
  1556 | D:2      | Reached skill level 6 in Ranged Weapons
  1556 | D:2      | Reached XP level 4. HP: 24/24 MP: 6/6
  1640 | D:3      | Reached XP level 5. HP: 27/27 MP: 7/7
  2071 | D:3      | Found a glowing silver altar of Zin.
  2075 | D:3      | Noticed an angel
  2078 | D:3      | Found a shimmering altar of Xom.
  2488 | D:4      | Reached *** piety under Hepliaklqana
  2640 | D:4      | Noticed Duvessa
  2640 | D:4      | Noticed Dowan
  2652 | D:4      | Killed Duvessa
  2653 | D:4      | Reached skill level 7 in Ranged Weapons
  2653 | D:4      | Reached XP level 6. HP: 33/33 MP: 8/8
  2662 | D:4      | Killed Dowan
  2796 | D:4      | Found a shimmering blue altar of Sif Muna.
  2947 | D:4      | Reached skill level 8 in Ranged Weapons
  2953 | D:4      | Reached XP level 7. HP: 38/38 MP: 9/9
  3637 | D:5      | Entered Level 5 of the Dungeon
  3645 | D:5      | Reached skill level 1 in Invocations
  3883 | D:5      | Found an ancient bone altar of Kikubaaqudgha.
  3917 | D:5      | Noticed a human
  3918 | D:5      | Killed a human
  3983 | D:5      | Reached skill level 9 in Ranged Weapons
  3990 | D:5      | Reached **** piety under Hepliaklqana
  4045 | D:5      | Found a basalt altar of Yredelemnul.
  4063 | D:5      | Noticed Blork the orc
  4069 | D:5      | Killed Blork the orc
  4138 | D:5      | Reached XP level 8. HP: 43/43 MP: 12/12
  4180 | D:5      | Found an iron altar of Okawaru.
  4295 | D:6      | Found a staircase to the Ecumenical Temple.
  4298 | D:6      | Noticed Grinder
  4307 | D:6      | Killed Grinder
  4308 | D:6      | Reached skill level 5 in Fighting
  4415 | D:6      | Reached skill level 10 in Ranged Weapons
  4980 | D:7      | Reached skill level 11 in Ranged Weapons
  5222 | D:7      | Reached XP level 9. HP: 50/50 MP: 14/14
  5731 | D:8      | Reached skill level 12 in Ranged Weapons
  5808 | D:8      | Found a burning altar of Makhleb.
  5919 | D:8      | Found a staircase to the Lair.
  6247 | D:8      | Reached ***** piety under Hepliaklqana
  6441 | D:8      | Identified the +2 leather armour of Classification {-Tele
                  | Rampage Str+4}
  6517 | D:9      | Reached skill level 13 in Ranged Weapons
  6648 | D:9      | Noticed Amaemon
  6685 | D:9      | Killed Amaemon
  6686 | D:9      | Reached XP level 10. HP: 55/57 MP: 15/15
  6830 | D:9      | Noticed an orange demon
  6877 | D:9      | Killed an orange demon
  6961 | D:9      | Reached skill level 14 in Ranged Weapons
  7226 | D:9      | Found a hide-covered altar of Uskayaw.
  7389 | D:10     | Entered Level 10 of the Dungeon
  7415 | Lair:1   | Entered Level 1 of the Lair of Beasts
  7415 | Lair:1   | Noticed a cane toad
  7424 | Lair:1   | Killed a cane toad
  7434 | Lair:1   | Noticed a black mamba
  7449 | D:8      | Killed a black mamba
  7868 | D:10     | Noticed Snorg
  7882 | D:10     | Killed Snorg
  7883 | D:10     | Reached skill level 5 in Dodging
  7883 | D:10     | Reached skill level 5 in Invocations
  8075 | D:10     | Found a hazy altar of Hepliaklqana.
  8279 | D:10     | Noticed Urug
  8380 | D:10     | Learned a level 3 spell: Swiftness
  8425 | D:10     | Killed Urug
  8426 | D:10     | Reached skill level 1 in Spellcasting
  8426 | D:10     | Reached XP level 11. HP: 63/63 MP: 17/17
  8473 | D:10     | Found a white marble altar of Elyvilon.
  8525 | D:10     | Reached skill level 1 in Air Magic
  8817 | D:11     | Noticed a two-headed ogre
  8931 | D:11     | Noticed a boulder beetle
  9163 | D:10     | Identified a scroll of acquirement
  9163 | D:10     | Acquired 351 gold pieces
  9338 | Lair:1   | Reached skill level 15 in Ranged Weapons
  9550 | Lair:1   | Noticed a catoblepas
  9603 | Lair:1   | Killed a catoblepas
  9786 | Lair:1   | Noticed Harold
  9885 | Lair:1   | Killed Harold
 10282 | Lair:2   | Reached skill level 5 in Spellcasting
 10356 | Lair:2   | Reached ****** piety under Hepliaklqana
 10556 | Lair:2   | Reached skill level 16 in Ranged Weapons
 10570 | Lair:2   | Reached skill level 5 in Air Magic
 10622 | Lair:2   | Reached XP level 12. HP: 68/68 MP: 21/21
 10652 | Lair:2   | Noticed a four-headed hydra
 10706 | Lair:2   | Killed a four-headed hydra
 10874 | Lair:2   | Noticed a five-headed hydra
 10882 | Lair:2   | Killed a five-headed hydra
 11116 | Lair:2   | Found a staircase to the Swamp.
 11401 | Lair:3   | Noticed an eight-headed hydra
 11453 | Lair:3   | Noticed Rupert
 11459 | Lair:3   | Noticed a seven-headed hydra
 11461 | Lair:3   | Reached skill level 10 in Fighting
 11465 | Lair:3   | Killed Rupert
 11518 | Lair:3   | Killed an eight-headed hydra
 11622 | Lair:3   | Killed a seven-headed hydra
 11667 | Lair:3   | Noticed a catoblepas
 11672 | Lair:3   | Killed a catoblepas
 11709 | Lair:3   | Found a hole to the Spider Nest.
 11976 | Lair:3   | Reached XP level 13. HP: 70/75 MP: 27/27
 12341 | Lair:4   | Reached skill level 10 in Dodging
 12391 | Lair:4   | Found a staircase to the Slime Pits.
 12478 | Lair:4   | Found the +4 skin of Zhor {*Englaciate rC+++ SInv}
 13211 | Lair:4   | Found a basalt altar of Yredelemnul.
 13679 | Lair:5   | Entered Level 5 of the Lair of Beasts
 13780 | Lair:5   | Found a dark tunnel.
 13794 | Volcano  | Entered a volcano
 14222 | Volcano  | Noticed a red draconian
 14245 | Volcano  | Killed a red draconian
 14246 | Volcano  | Reached XP level 14. HP: 49/82 MP: 23/28
 14425 | Volcano  | Found a burning altar of Makhleb.
 14444 | Volcano  | Found a bloodstained altar of Trog.
 14743 | Lair:5   | Identified the +5 scimitar of Viod {drain, rN+ Int+3}
 14809 | Lair:5   | Found an opulent altar of Gozag.
 15395 | Lair:5   | Reached skill level 17 in Ranged Weapons
 16119 | D:11     | Noticed Nergalle
 16132 | D:11     | Killed Nergalle
 16698 | D:12     | Found a staircase to the Orcish Mines.
 16949 | D:12     | Learned a level 3 spell: Portal Projectile
 16954 | D:12     | Learned a level 4 spell: Leda's Liquefaction
 17057 | D:12     | Identified the +2 robe of the Enchanted Forest {Will+ Int+4
                  | Slay-6 Archmagi}
 17133 | D:13     | Reached skill level 1 in Hexes
 17298 | D:13     | Reached skill level 18 in Ranged Weapons
 17777 | Orc:1    | Entered Level 1 of the Orcish Mines
 18013 | Orc:2    | Entered Level 2 of the Orcish Mines
 18479 | Orc:1    | Found Tues's Antique Weapon Boutique.
 18641 | Orc:2    | Found a staircase to the Elven Halls.
 18673 | Orc:2    | Noticed p0werm0de's ghost (journeyman PaIE)
 18680 | Orc:2    | Found a runed translucent door.
 18810 | Orc:2    | Found Zufraips's Antique Armour Boutique.
 18810 | Orc:2    | Found Wyviq's Antique Armour Shoppe.
 18810 | Orc:2    | Found Vuqarir's Weapon Emporium.
 18810 | Orc:2    | Found Tofogrua's Book Boutique.
 18854 | Orc:2    | Reached XP level 15. HP: 89/89 MP: 29/29
 18967 | Orc:2    | Reached skill level 19 in Ranged Weapons
 18971 | Orc:2    | Reached skill level 5 in Hexes
 19305 | Orc:2    | Killed p0werm0de's ghost
 19513 | Spider:1 | Entered Level 1 of the Spider Nest
 19686 | Spider:1 | Reached skill level 1 in Earth Magic
 19949 | Spider:1 | Identified the +8 falchion of the Elven Halls {spect, Str+3
                  | Int+2 Dex+2}
 20302 | Spider:1 | Identified the +8 battleaxe of a wizard's laboratory
                  | {flame, rF- rN+++ rCorr Dex-5 SInv}
 20406 | Spider:1 | Reached skill level 20 in Ranged Weapons
 21088 | Swamp:1  | Entered Level 1 of the Swamp
 21103 | Swamp:1  | Learned a level 2 spell: Blink
 21109 | Swamp:1  | Identified the +3 chain mail of Tecsoh {rN+ Slay+2}
 21305 | Swamp:1  | Learned a level 1 spell: Slow
 21410 | Swamp:1  | Reached skill level 1 in Armour
 21492 | Swamp:1  | Engulfed by a ghost crab's spectral mist

Illustrated notes

Levels and vault maps discovered:
D:1:      mushboom_english_gardens, layout_rooms,
          shapermc_ecumenical_altar_petra, nicolae_figureground_pulse
D:2:      layout_loops_ring
D:3:      minmay_razor_zed, layout_loops_ring,
          grunt_temple_overflow_order_and_chaos_1
D:4:      layout_cave_pods, lemuel_tele_altar, minmay_door_square, uniq_duvessa
D:5:      layout_cave_pools, mainiacjoe_overflow_paths, marbit_many_paths,
          tgw_kikubaaqudgha, lightli_corner_chamber, uniq_blork_the_orc
D:6:      layout_rooms, minmay_temple_entry_purple_smoke, uniq_grinder
D:7:      layout_rooms, lightli_orcish_oven
D:8:      layout_cave_pods, kennysheep_little_box, lair_entry_dummy
D:9:      layout_basic, nicolae_uskayaw_dance_studio,
          chequers_serial_rivers_large_a, grunt_decor_one_mirror,
          kennysheep_flooded_box, abandoned_shop, nicolae_lava_and_water,
          uniq_amaemon
D:10:     layout_grid_maze, nicolae_hepliaklqana_hazy_memory,
          mainiacjoe_overflow_alcove_4, uniq_urug, uniq_snorg
D:11:     layout_basic, uniq_nergalle
D:12:     layout_loops_ring, hiddenorc2_lemuel, minmay_more_statues
D:13:     layout_roguey, grunt_vaults_entry_fortified,
          kennysheep_generic_room_14
Lair:1:   layout_loops_ring, grunt_megastairs_1, uniq_harold
Lair:2:   layout_chaotic_city, palyth_hydra_swamp_entry, lemuel_fruit_fields
Lair:3:   layout_misc_corridors, nicolae_spider_entry_orb_guardian,
          infiniplex_staircase_pool_2, uniq_rupert
Lair:4:   nzn_winding_woodlands_three_and_one
          [nzn_winding_woodlands_5x15_default,
          nzn_winding_woodlands_5x15_pockets, nzn_winding_woodlands_5x15_pool,
          nzn_winding_woodlands_center_triple_pond], layout_regular_city,
          nicolae_slime_entry_slimehenge, basic_altar,
          hellmonk_guarded_unrand_zhor, serial_bayou_shore_a,
          infiniplex_staircase_pool
Lair:5:   evilmike_catoblepas_cave, layout_cave_pods, basic_altar,
          lightli_volcano_entry_magma_tube, st_stairs_12, lemuel_fruit_tree
Swamp:1:  layout_basic_swamp, hangedman_swamp_diagram, swamp_pool4
Spider:1: layout_spider_delve, worms_lemuel
Spider:2: layout_spider_delve, hangedman_spider_tarantella_strand
Orc:1:    layout_caves, serial_shops, shop
Orc:2:    st_orc_ogre_mass, layout_diamond_mine, hellmonk_ghost_happy_afterlife

Skill      XL: |  1  2  3  4  5  6  7  8  9 10 11 12 13 14 15 |
---------------+----------------------------------------------+-----
Stealth        | 2 3 |  3.3
Fighting       | 2 3 4 6 8 9 10 12 13 | 13.9
Dodging        | 3 5 6 9 12 14 | 14.1
Ranged Weapons | 6 7 8 9 11 13 14 16 18 20 | 20.4
Invocations    | 3 4 5 8 9 |  9.0
Spellcasting   | 1 5 8 |  8.0
Air Magic      | 5 6 7 |  7.0
Hexes          | 3 7 |  7.9
Earth Magic    | 4 |  4.2
Armour         | 1 |  1.1

Action                   |  1- 3 |  4- 6 |  7- 9 | 10-12 | 13-15 || total
-------------------------+-------+-------+-------+-------+-------++-------
Melee: Whip              |    12 |       |       |       |       ||    12
       Short sword       |     9 |     2 |     6 |       |       ||    17
       Shortbow          |     2 |       |       |       |       ||     2
       Rapier            |       |       |       |       |     4 ||     4
 Fire: Shortbow          |    77 |    76 |   259 |   620 |   390 ||  1422
       Longbow           |       |       |       |       |   852 ||   852
 Cast: Swiftness         |       |       |       |       |     2 ||     2
Invok: Ancestor Identity |     1 |       |       |       |       ||     1
       Ancestor Life: Kn |     1 |       |       |       |       ||     1
       Recall Ancestor   |       |       |     1 |     4 |    10 ||    15
       Idealise          |       |       |       |       |     1 ||     1
       Transference      |       |       |       |       |     1 ||     1
  Use: Scroll            |       |       |       |    22 |    11 ||    33
       Potion            |       |       |       |     3 |     1 ||     4
Armor: Leather armour    |    14 |     7 |       |       |       ||    21
       Robe              |       |       |     5 |     1 |       ||     6
       Troll leather arm |       |       |       |    19 |    87 ||   106
Dodge: Dodged            |    12 |     6 |    23 |   119 |   374 ||   534
Block: Other             |     6 |     2 |     6 |    30 |    92 ||   136
       Reflection        |       |     1 |     1 |     1 |     1 ||     4
